Map: Disco Bloodbath LE

Players

SpeCial - Winner!

  • Race: Terran Terran
  • Spawn Location: 3:00

riddle (THERIDDLER)

  • Race: Terran Terran
  • Spawn Location: 9:00

Event: NationWars 2019

VOD

Have the link to the VOD?

Description

Time

  • Played on: Oct. 5, 2019, 3:26 p.m.
  • Length: 10:44
Show
View Real Time Build Order
Export as new Build Order

SpeCial Terran - Winner!

Build Orders: Liberator Opening 

Get SALT Encoding   

  12  0:00  SCV  
  13  0:13  SCV  
  14  0:17  Supply Depot  
  14  0:25  SCV  
  14  0:28  Refinery  
  15  0:39  SCV  
  16  0:44  Barracks  
  16  0:51  SCV  
  16  0:54  Refinery  
  17  1:03  SCV  
  18  1:15  SCV  
  19  1:32  Orbital Command, Reaper  
  20  1:37  Factory  
  20  1:45  Supply Depot  
  20  1:59  SCV  
  21  2:04  Reaper  
  22  2:11  SCV  
  23  2:21  Hellion  
  25  2:23  SCV  
  26  2:31  Command Center  
  26  2:43  Reaper, Hellion  
  28  2:48  SCV  
  29  2:52  Supply Depot  
  29  3:01  SCV  
  29  3:02  Starport  
  30  3:06  Factory Tech Lab  
  30  3:13  SCV  
  31  3:25  SCV  
  30  3:35  Liberator  
  30  3:36  Cyclone  
  30  3:37  SCV  
  30  3:38  Barracks Reactor  
  34  3:44  Orbital Command  
  34  3:46  Refinery  
  34  3:49  SCV  
  38  4:01  SCV  
  39  4:13  SCV x2  
  39  4:14  Siege Tank, Supply Depot  
  39  4:15  Marine x2  
  46  4:19  Supply Depot  
  46  4:25  SCV x2  
  48  4:33  Marine x2  
  48  4:35  Medivac  
  52  4:38  Supply Depot  
  52  4:40  SCV x2  
  54  4:46  Siege Tank  
  54  4:50  Supply Depot, Marine  
  54  4:51  Marine  
  54  4:52  SCV  
  60  4:56  SCV  
  61  5:01  Engineering Bay  
  61  5:05  SCV  
  62  5:08  Marine x2  
  62  5:09  Viking  
  63  5:17  SCV x2  
  63  5:18  Cyclone  
  68  5:26  Marine x2  
  70  5:30  Missile Turret x2  
  70  5:31  SCV  
  70  5:32  SCV  
  71  5:43  SCV  
  71  5:44  SCV, Marine x2  
  71  5:49  Supply Depot  
  75  5:56  SCV x2  
  75  6:02  Marine x2  
  75  6:03  Raven  
  79  6:04  Factory Tech Lab  
  79  6:08  SCV x2  
  78  6:20  Marine x2  
  78  6:21  SCV  
  78  6:31  Siege Tank  
  77  6:37  Marine x2  
  77  6:39  Command Center  
  75  6:43  SCV  
  74  6:49  Raven  
  74  6:55  Marine x2  
  71  7:03  SCV, Siege Tank  
  71  7:05  Refinery  
  71  7:07  Engineering Bay  
  71  7:10  Barracks  
  71  7:12  Barracks  
  71  7:13  Marine x2  
  71  7:18  Supply Depot  
  71  7:20  SCV x2  
  72  7:32  SCV  
  72  7:33  SCV  
  72  7:35  Siege Tank  
  77  7:43  Marine  
  77  7:44  SCV, Viking x2  
  82  7:45  SCV  
  82  7:49  Terran Infantry Weapons Level 1, Terran Infantry Armor Level 1  
  82  7:50  Missile Turret  
  84  7:53  Orbital Command  
  84  7:56  SCV  
  84  7:57  Barracks Reactor, SCV  
  86  8:01  Marine  
  87  8:08  Barracks Reactor  
  87  8:09  SCV x2  
  88  8:14  Viking x2  
  86  8:21  SCV x2  
  86  8:25  SCV  
  86  8:26  Siege Tank  
  91  8:30  Marine  
  91  8:33  SCV x2  
  94  8:37  SCV  
  85  8:43  Viking  
  85  8:44  Viking  
  85  8:45  SCV, Marine  
  85  8:46  Marine x3  
  85  8:47  Marine  
  90  8:51  Stimpack  
  90  8:55  Barracks, SCV  
  88  8:57  Barracks, SCV  
  88  8:58  Siege Tank  
  88  8:59  Refinery x2  
  88  9:00  Supply Depot  
  88  9:01  Liberator x2  
  92  9:03  Marine  
  92  9:04  Marine x3  
  92  9:05  Marine  
  97  9:14  SCV x3  
  104  9:21  Marine  
  107  9:24  Supply Depot  
  107  9:26  SCV, Supply Depot  
  107  9:27  Marine x4  
  107  9:31  Siege Tank  
  113  9:32  SCV  
  114  9:38  SCV  
  114  9:39  SCV, Marine  
  114  9:42  Marine  
  114  9:44  Marine  
  114  9:45  Marine x2  
  115  9:46  SCV  
  115  9:47  Marine  
  115  9:50  SCV  
  115  9:51  SCV, Marine  
  121  9:57  Marine  
  121  9:59  Supply Depot  
  122  10:00  Marine  
  122  10:02  Marine  
  122  10:03  Siege Tank, Marine  
  122  10:05  Viking x2  
  122  10:06  Marine  
  133  10:17  Supply Depot  
  133  10:20  Marine x5  
  138  10:22  Supply Depot  
Show
View Real Time Build Order
Export as new Build Order

riddle Terran 

Build Orders: Gas First Reaper Expand, Mech, Banshee Rush 

Get SALT Encoding   

  12  0:00  SCV  
  13  0:12  SCV  
  14  0:17  Supply Depot  
  14  0:24  SCV  
  15  0:29  Refinery  
  15  0:39  SCV  
  16  0:43  Barracks  
  16  0:51  SCV  
  17  1:03  SCV  
  18  1:15  SCV  
  19  1:31  Orbital Command, Reaper  
  20  1:43  Command Center  
  20  1:55  Factory  
  20  1:58  SCV  
  21  2:09  Barracks Reactor  
  21  2:10  Supply Depot  
  21  2:11  SCV  
  22  2:20  Refinery  
  22  2:23  SCV  
  23  2:35  SCV  
  25  2:47  SCV  
  26  2:58  Orbital Command, Starport  
  24  3:00  SCV  
  24  3:01  Hellion x2  
  29  3:12  SCV  
  25  3:20  Marine  
  25  3:22  Hellion  
  24  3:35  SCV  
  24  3:37  Starport Tech Lab  
  24  3:41  SCV  
  26  3:47  SCV  
  27  3:54  SCV  
  27  3:55  Cloaking Field  
  28  3:56  Barracks Tech Lab  
  28  4:03  Banshee  
  28  4:05  SCV  
  32  4:10  SCV  
  33  4:17  SCV  
  33  4:18  Cyclone  
  33  4:22  SCV  
  38  4:26  Supply Depot  
  38  4:29  SCV  
  39  4:34  SCV  
  39  4:36  Mag-Field Accelerator  
  40  4:40  Refinery  
  40  4:42  SCV  
  41  4:46  SCV  
  42  4:54  Cyclone  
  42  4:56  SCV  
  42  4:58  SCV  
  42  4:59  Supply Depot  
  47  5:08  SCV  
  47  5:11  SCV  
  46  5:19  Banshee  
  46  5:20  SCV  
  49  5:23  SCV  
  50  5:32  SCV  
  50  5:35  SCV  
  52  5:43  Cyclone  
  52  5:44  SCV  
  52  5:46  Command Center  
  52  5:47  SCV  
  57  5:53  Marine  
  57  5:55  Marine  
  57  5:56  SCV  
  56  5:59  SCV  
  56  6:01  Refinery  
  56  6:02  Banshee  
  60  6:05  Hyperflight Rotors  
  60  6:08  SCV  
  61  6:11  SCV  
  59  6:20  SCV  
  54  6:35  Marine  
  54  6:36  SCV x2, Cyclone  
  55  6:45  Banshee  
  52  6:48  SCV x2  
  52  6:53  Marine  
  50  7:00  SCV x2  
  41  7:12  SCV x2  
  43  7:18  Siege Tank  
  45  7:24  SCV x2  
  47  7:32  Banshee  
  47  7:33  Marine  
  47  7:36  SCV x2  
  53  7:40  Orbital Command  
  53  7:48  SCV x2  
  55  7:51  Factory  
  55  7:52  Factory  
  55  7:53  Siege Tank  
  55  7:55  Supply Depot  
  57  7:59  Marine  
  57  8:00  SCV x2  
  60  8:06  SCV  
  61  8:13  SCV x2  
  61  8:15  Banshee  
  61  8:18  SCV  
  63  8:27  SCV x2  
  63  8:29  Siege Tank  
  63  8:30  SCV  
  64  8:39  SCV x2, Marine  
  52  8:42  SCV  
  49  8:51  SCV x2  
  49  8:54  SCV  
  52  8:58  Banshee  
  52  9:01  Cyclone  
  58  9:03  SCV x2  
  58  9:07  SCV  
  61  9:13  Factory Reactor  
  61  9:15  SCV x2  
  63  9:19  SCV  
  63  9:22  Hellion  
  66  9:27  SCV x2  
  66  9:31  SCV  
  69  9:39  SCV x2  
  69  9:40  Siege Tank  
  69  9:41  Banshee  
  69  9:43  SCV  
  78  9:51  SCV x2  
  80  9:55  SCV  
  81  10:03  SCV  
  81  10:04  SCV  
  80  10:07  SCV  
  80  10:10  Hellion x2  
  82  10:16  SCV  
  82  10:19  SCV x2  
  75  10:28  SCV  
  75  10:31  SCV x2  
Tags
 
Add a new tag
Caveats
  • Supply blocks, unpowered buildings, or Contaminate may cause inaccurate times.
  • Supply counts are checked every 10 seconds.